AA
SOUTH DIVISION ALL-STARS @ NORTH DIVISION ALL-STARS
07/23/2099
 
TOP OF THE 1ST
South Division All-Stars batting - Pitching for North Division All-Stars : RHP Santos Holguin
Pitching: RHP Santos Holguin
Batting: RHB Danny Torres 0-0: Foul Ball, location: 5SF
0-1: Ball
1-1: Swinging Strike
1-2: Strikes out looking
Batting: RHB Tony Cerezo 0-0: Ball
1-0: Ball
2-0: Ball
3-0: Called Strike
3-1: Base on Balls
Batting: LHB Jayden Scott 0-0: Ball
1-0: Foul Ball, location: 9LDF
1-1: Called Strike
1-2: Foul Ball, location: 2F
1-2: Strikes out swinging
Batting: LHB Luis Robledo 0-0: Called Strike
0-1: Ball
1-1: Ball
2-1: 2-RUN HOME RUN (Flyball, 9D, EV 95.0 MPH), Distance : 378 ft
Batting: LHB Sean Northrup 0-0: Ball
1-0: Ball
2-0: Ball
3-0: Called Strike
3-1: Called Strike
3-2: Strikes out swinging
Top of the 1st over - 2 runs, 1 hit, 0 errors, 0 left on base; South Division 2 - North Division 0
BOTTOM OF THE 1ST
North Division All-Stars batting - Pitching for South Division All-Stars : RHP Nate Wagner
Pitching: RHP Nate Wagner
Batting: RHB Danny Wilkinson 0-0: Ball
1-0: Foul Ball, location: 3DF
1-1: Ball
2-1: Ball
3-1: Base on Balls
Batting: SHB Joe Baker 0-0: Ball
1-0: Fielders Choice at 2nd, 4-6 (Groundball, 4, EV 110.0 MPH)
Batting: RHB Tony Ortiz 0-0: Foul Ball, location: 2F
0-1: Ball
1-1: Swinging Strike
1-2: Strikes out swinging
Batting: LHB Cody Redmer 0-0: Called Strike
0-1: Ball
1-1: Foul Ball, location: 5F
1-2: Ball
2-2: Strikes out swinging
Bottom of the 1st over - 0 runs, 0 hits, 0 errors, 1 left on base; South Division 2 - North Division 0
TOP OF THE 2ND
South Division All-Stars batting - Pitching for North Division All-Stars : RHP Santos Holguin
Pitching: LHP Ken Plouffe
Batting: LHB Greg Spurrier 0-0: Foul Ball, location: 3FF
0-1: Ball
1-1: Swinging Strike
1-2: Reached via error on a dropped throw from 1B, E1 (Groundball, 34S, EV 67.5 MPH)
Batting: RHB Nate Argo 0-0: Called Strike
0-1: Swinging Strike
0-2: Foul Ball, location: 5F
0-2: Foul Ball, location: 2F
0-2: Hit by Pitch
Greg Spurrier to second
Batting: RHB Nate Keene 0-0: Ball
1-0: Ball
2-0: Foul Ball, location: 7LSF
2-1: 3-RUN HOME RUN (Flyball, 8LXD, EV 110.0 MPH), Distance : 413 ft
Batting: RHB Erik Graff 0-0: Swinging Strike
0-1: Foul Ball, location: 2F
0-2: Strikes out swinging
Batting: RHB Danny Torres 0-0: Ball
1-0: Ball
2-0: Called Strike
2-1: Ball
3-1: Ground out 5-3 (Groundball, 56, EV 101.9 MPH)
Batting: RHB Tony Cerezo 0-0: Ball
1-0: Ball
2-0: Called Strike
2-1: Foul Ball, location: 9LMF
2-2: Foul Ball, location: 25F
2-2: Foul Ball, location: 3DF
2-2: Strikes out swinging
Top of the 2nd over - 3 runs, 1 hit, 1 error, 0 left on base; South Division 5 - North Division 0
BOTTOM OF THE 2ND
North Division All-Stars batting - Pitching for South Division All-Stars : RHP Nate Wagner
Pitching: RHP Jim Ostroot
Batting: RHB Mario Robles 0-0: Called Strike
0-1: Called Strike
0-2: Strikes out looking
Batting: RHB Tim Nelson 0-0: Foul Ball, location: 9LSF
0-1: Foul Ball, location: 3SF
0-2: Ball
1-2: Foul Ball, location: 5F
1-2: Ball
2-2: Ball
3-2: Base on Balls
Batting: RHB Jake Rehkopf 0-0: Grounds into double play, 4-6-3 (Groundball, 34S, EV 86.3 MPH)
Bottom of the 2nd over - 0 runs, 0 hits, 0 errors, 0 left on base; South Division 5 - North Division 0
TOP OF THE 3RD
South Division All-Stars batting - Pitching for North Division All-Stars : LHP Ken Plouffe
Pitching: LHP Kevin Van Ormer
Batting: LHB Jayden Scott 0-0: Ball
1-0: Ball
2-0: Called Strike
2-1: Foul Ball, location: 7LDF
2-2: Ground out 4-3 (Groundball, 4S, EV 85.0 MPH)
Batting: LHB Luis Robledo 0-0: Called Strike
0-1: SOLO HOME RUN (Flyball, 89XD, EV 100.0 MPH), Distance : 427 ft
Batting: LHB Sean Northrup 0-0: Ball
1-0: Ball
2-0: Called Strike
2-1: DOUBLE (Line Drive, 9LM, EV 99.4 MPH)
Batting: LHB Greg Spurrier 0-0: Ball
1-0: Called Strike
1-1: Ball
Wild Pitch!
Sean Northrup to third
2-1: Foul Ball, location: 9LSF
2-2: Strikes out swinging
Batting: RHB Nate Argo 0-0: Ball
1-0: Ball
2-0: Called Strike
2-1: Foul Ball, location: 2F
2-2: Fly out, F8 (Flyball, 8RM, EV 89.4 MPH)
Top of the 3rd over - 1 run, 2 hits, 0 errors, 1 left on base; South Division 6 - North Division 0
BOTTOM OF THE 3RD
North Division All-Stars batting - Pitching for South Division All-Stars : RHP Jim Ostroot
Pitching: RHP Matt Maudsley
Batting: RHB Jonathan Rodriguez 0-0: Ball
1-0: DOUBLE (Flyball, 8RXD, EV 99.4 MPH)
Batting: RHB Matt Cox 0-0: Ball
1-0: Foul Ball, location: 2F
1-1: Ball
2-1: Foul Ball, location: 25FF
2-2: Fly out, F9 (Flyball, 9D, EV 108.1 MPH)
Runner from 2nd tags up, SAFE at 3rd, no throw by RF
Batting: RHB Danny Wilkinson 0-0: Ball
1-0: Foul Ball, location: 2F
1-1: Foul Ball, location: 2F
1-2: Foul Ball, location: 2F
1-2: Ground out 1-3 (Groundball, 13S, EV 72.5 MPH)
Batting: SHB Joe Baker 0-0: Ball
1-0: Swinging Strike
1-1: Called Strike
1-2: Ground out 6-3 (Groundball, 6MS, EV 68.1 MPH)
Bottom of the 3rd over - 0 runs, 1 hit, 0 errors, 1 left on base; South Division 6 - North Division 0
TOP OF THE 4TH
South Division All-Stars batting - Pitching for North Division All-Stars : LHP Kevin Van Ormer
Pitching: RHP Sal Molina
Batting: RHB Nate Keene 0-0: Ball
1-0: Foul Ball, location: 2F
1-1: Ball
2-1: Ball
3-1: Swinging Strike
3-2: Base on Balls
Batting: RHB Erik Graff 0-0: Ball
1-0: Foul Ball, location: 23F
1-1: Ball
2-1: Ball
3-1: Base on Balls
Nate Keene to second
Batting: RHB Danny Torres 0-0: Called Strike
0-1: Ball
1-1: Foul Ball, location: 2F
1-2: Ball
2-2: Strikes out swinging
Batting: RHB Tony Cerezo 0-0: Ball
1-0: Foul Ball, location: 2F
1-1: Foul Ball, location: 3F
1-2: Strikes out swinging
Batting: LHB Jayden Scott 0-0: Swinging Strike
0-1: Ball
1-1: Foul Ball, location: 2F
1-2: Fly out, F7 (Flyball, 78XD, EV 110.6 MPH)
Top of the 4th over - 0 runs, 0 hits, 0 errors, 2 left on base; South Division 6 - North Division 0
BOTTOM OF THE 4TH
North Division All-Stars batting - Pitching for South Division All-Stars : RHP Matt Maudsley
Pitching: RHP Alvaro Candelaria
Batting: RHB Tony Ortiz 0-0: Called Strike
0-1: Called Strike
0-2: Ball
1-2: Ball
2-2: Ball
3-2: SOLO HOME RUN (Line Drive, 89XD, EV 113.1 MPH), Distance : 432 ft
Batting: LHB Cody Redmer 0-0: Ball
1-0: Swinging Strike
1-1: Swinging Strike
1-2: Ball
2-2: Strikes out swinging
Batting: RHB Mario Robles 0-0: Ball
1-0: Ball
2-0: Ball
3-0: Called Strike
3-1: Base on Balls
Batting: RHB Tim Nelson 0-0: Called Strike
0-1: Ball
1-1: Ball
2-1: Ball
3-1: Fly out, F7 (Flyball, 78M, EV 78.1 MPH)
Batting: RHB Jake Rehkopf 0-0: Ball
1-0: Swinging Strike
1-1: Swinging Strike
1-2: Strikes out looking
Bottom of the 4th over - 1 run, 1 hit, 0 errors, 1 left on base; South Division 6 - North Division 1
TOP OF THE 5TH
South Division All-Stars batting - Pitching for North Division All-Stars : RHP Sal Molina
Pitching: LHP Josh Oblinger
Batting: LHB Luis Robledo 0-0: Ball
1-0: Ball
2-0: Ball
3-0: Called Strike
3-1: Base on Balls
Batting: LHB Sean Northrup 0-0: Called Strike
0-1: Called Strike
0-2: Ball
1-2: Strikes out swinging
Pinch Hitting: LHB Matt Houseknecht 0-0: Ball
1-0: Called Strike
1-1: Foul Ball, location: 7LSF
1-2: Ball
2-2: Foul Ball, location: 23F
2-2: SINGLE (Line Drive, 7S, EV 104.4 MPH)
Luis Robledo to second
Batting: RHB Nate Argo 0-0: Called Strike
0-1: Called Strike
0-2: SINGLE (Line Drive, 4M, EV 100.0 MPH)
Luis Robledo to third
Matt Houseknecht to second
Batting: RHB Nate Keene 0-0: Called Strike
0-1: Ball
1-1: Foul Ball, location: 2F
1-2: Ball
2-2: Foul Ball, location: 2F
2-2: Ball
3-2: Foul Ball, location: 3DF
3-2: Fly out, F7 (Flyball, 78D, EV 105.6 MPH)
Runner from 3rd tags up, SCORES, throw by LF
Matt Houseknecht to third
Pinch Hitting: LHB Ruben Ramirez 0-0: Called Strike
0-1: Ball
1-1: Foul Ball, location: 2F
1-2: Ball
2-2: Foul Ball, location: 25FF
2-2: Ball
3-2: Foul Ball, location: 7LSF
3-2: Base on Balls
Nate Argo to second
Pitching: RHP Justin Howell
Batting: RHB Danny Torres 0-0: Swinging Strike
0-1: Swinging Strike
0-2: Ground out 5-3 (Groundball, 5S, EV 90.6 MPH)
Top of the 5th over - 1 run, 2 hits, 0 errors, 3 left on base; South Division 7 - North Division 1
BOTTOM OF THE 5TH
North Division All-Stars batting - Pitching for South Division All-Stars : RHP Alvaro Candelaria
Pitching: LHP Bryan Conrad
Now at 1B: Matt Houseknecht
Now in CF: Ruben Ramirez
Batting: RHB Jonathan Rodriguez 0-0: Ball
1-0: Foul Ball, location: 2F
1-1: Ball
2-1: Fly out, F8 (Flyball, 8LXD, EV 96.9 MPH)
Batting: RHB Matt Cox 0-0: Foul Ball, location: 9LDF
0-1: Swinging Strike
0-2: Ball
1-2: Ground out 6-3 (Groundball, 6, EV 83.8 MPH)
Pinch Hitting: RHB Michael Arey 0-0: Ball
1-0: Foul Ball, location: 5DF
1-1: Swinging Strike
1-2: Ball
2-2: Foul Ball, location: 2F
2-2: Ball
3-2: DOUBLE (Line Drive, 7LD, EV 100.6 MPH)
Batting: SHB Joe Baker 0-0: Fly out, F8 (Line Drive, 8RD, EV 92.5 MPH)
Bottom of the 5th over - 0 runs, 1 hit, 0 errors, 1 left on base; South Division 7 - North Division 1
TOP OF THE 6TH
South Division All-Stars batting - Pitching for North Division All-Stars : RHP Justin Howell
Now in LF: Michael Arey
Batting: RHB Tony Cerezo 0-0: Called Strike
0-1: Foul Ball, location: 7LMF
0-2: Ball
1-2: Ball
2-2: Ball
3-2: Ground out 4-3 (Groundball, 4, EV 110.0 MPH)
Batting: LHB Scott Davis 0-0: Called Strike
0-1: Ball
1-1: Fly out, F7 (Flyball, 7, EV 80.6 MPH)
Pinch Hitting: RHB Danny Scott 0-0: Ball
1-0: Ball
2-0: Ball
3-0: Called Strike
3-1: Foul Ball, location: 2F
3-2: Base on Balls
Batting: LHB Sean Northrup 0-0: Called Strike
0-1: Swinging Strike
0-2: Strikes out swinging
Top of the 6th over - 0 runs, 0 hits, 0 errors, 1 left on base; South Division 7 - North Division 1
BOTTOM OF THE 6TH
North Division All-Stars batting - Pitching for South Division All-Stars : LHP Bryan Conrad
Pitching: RHP Sam King
Now in LF: Danny Scott
Batting: LHB Jose Claudio 0-0: Ball
1-0: Foul Ball, location: 2F
1-1: Ball
2-1: Foul Ball, location: 23F
2-2: Foul Ball, location: 2F
2-2: Strikes out swinging
Batting: LHB Cody Redmer 0-0: Ball
1-0: Ball
2-0: Ball
3-0: Base on Balls
Batting: RHB Mario Robles 0-0: Ball
1-0: Called Strike
1-1: Ball
2-1: Grounds into double play, 6-4-3 (Groundball, 6, EV 107.5 MPH)
Bottom of the 6th over - 0 runs, 0 hits, 0 errors, 0 left on base; South Division 7 - North Division 1
TOP OF THE 7TH
South Division All-Stars batting - Pitching for North Division All-Stars : RHP Justin Howell
Pitching: LHP Harry Ivey
Batting: LHB Matt Houseknecht 0-0: Ball
1-0: Called Strike
1-1: Foul Ball, location: 9LMF
1-2: Ball
2-2: Strikes out swinging
Batting: RHB Nate Argo 0-0: Called Strike
0-1: Foul Ball, location: 9LMF
0-2: Ball
1-2: Strikes out swinging
Batting: RHB Nate Keene 0-0: Foul Ball, location: 3SF
0-1: SOLO HOME RUN (Flyball, 9LD, EV 92.5 MPH), Distance : 347 ft
Batting: LHB Ruben Ramirez 0-0: Called Strike
0-1: Ball
1-1: Ground out 4-3 (Groundball, 4, EV 107.5 MPH)
Top of the 7th over - 1 run, 1 hit, 0 errors, 0 left on base; South Division 8 - North Division 1
BOTTOM OF THE 7TH
North Division All-Stars batting - Pitching for South Division All-Stars : RHP Sam King
Pitching: RHP Raul Hernandez
Batting: RHB Tim Nelson 0-0: Ball
1-0: Fly out, F6 (Popup, 6M, EV 52.5 MPH)
Batting: RHB Jake Rehkopf 0-0: Called Strike
0-1: Ball
1-1: Ground out 6-3 (Groundball, 6, EV 86.9 MPH)
Batting: RHB Jonathan Rodriguez 0-0: Called Strike
0-1: Ball
1-1: Foul Ball, location: 2F
1-2: Foul Ball, location: 9LDF
1-2: Ball
2-2: Ball
3-2: Foul Ball, location: 2F
3-2: Fly out, F7 (Flyball, 7, EV 79.4 MPH)
Bottom of the 7th over - 0 runs, 0 hits, 0 errors, 0 left on base; South Division 8 - North Division 1
TOP OF THE 8TH
South Division All-Stars batting - Pitching for North Division All-Stars : LHP Harry Ivey
Pitching: RHP Jordan Vazquez
Batting: RHB Danny Torres 0-0: Ball
1-0: Ball
2-0: Foul Ball, location: 3SF
2-1: Called Strike
2-2: Fly out, F4 (Popup, 4S, EV 67.5 MPH)
Batting: RHB Tony Cerezo 0-0: Called Strike
0-1: Foul Ball, location: 2F
0-2: Strikes out looking
Batting: LHB Scott Davis 0-0: Ball
1-0: Foul Ball, location: 23F
1-1: Foul Ball, location: 25F
1-2: Strikes out swinging
Top of the 8th over - 0 runs, 0 hits, 0 errors, 0 left on base; South Division 8 - North Division 1
BOTTOM OF THE 8TH
North Division All-Stars batting - Pitching for South Division All-Stars : RHP Raul Hernandez
Pitching: LHP Travis Myers
Batting: RHB Matt Cox 0-0: Ball
1-0: Fly out, F9 (Flyball, 9S, EV 78.8 MPH)
Batting: RHB Michael Arey 0-0: Ball
1-0: Fly out, F9 (Line Drive, 89D, EV 89.4 MPH)
Batting: SHB Joe Baker 0-0: Ball
1-0: Ball
2-0: Called Strike
2-1: Foul Ball, location: 5F
2-2: SINGLE (Groundball, 6MS, EV 65.6 MPH) (infield hit)
Batting: LHB Jose Claudio 0-0: Called Strike
0-1: Ball
1-1: Ball
2-1: Ball
3-1: Foul Ball, location: 2F
3-2: Foul Ball, location: 23FF
3-2: Strikes out swinging
Bottom of the 8th over - 0 runs, 1 hit, 0 errors, 1 left on base; South Division 8 - North Division 1
TOP OF THE 9TH
South Division All-Stars batting - Pitching for North Division All-Stars : RHP Jordan Vazquez
Batting: RHB Danny Scott 0-0: Called Strike
0-1: Called Strike
0-2: Ground out 6-3 (Groundball, 6, EV 85.6 MPH)
Batting: LHB Sean Northrup 0-0: Called Strike
0-1: Fly out, F9 (Line Drive, 9S, EV 96.9 MPH)
Batting: LHB Matt Houseknecht 0-0: Ball
1-0: Called Strike
1-1: Foul Ball, location: 5SF
1-2: Foul Ball, location: 2F
1-2: Foul Ball, location: 23FF
1-2: DOUBLE (Groundball, 3L, EV 105.0 MPH)
Batting: RHB Nate Argo 0-0: Reached on error, E5 (Groundball, 56S, EV 68.8 MPH)
Matt Houseknecht scores
Batting: RHB Nate Keene 0-0: Ball
1-0: Ball
2-0: Ball
3-0: Base on Balls
Batting: LHB Ruben Ramirez 0-0: Fly out, F6 (Popup, 4M, EV 76.3 MPH)
Top of the 9th over - 1 run, 1 hit, 1 error, 2 left on base; South Division 9 - North Division 1
BOTTOM OF THE 9TH
North Division All-Stars batting - Pitching for South Division All-Stars : LHP Travis Myers
Pitching: RHP Ron Clippinger
Pinch Hitting: RHB Jerry Castillio 0-0: Ball
1-0: Ball
2-0: Called Strike
2-1: Ball
3-1: Foul Ball, location: 7LMF
3-2: Foul Ball, location: 2F
3-2: Foul Ball, location: 7LDF
3-2: Foul Ball, location: 2F
3-2: Base on Balls
Pinch Hitting: RHB Ricardo Gutierrez 0-0: Called Strike
0-1: Foul Ball, location: 2F
0-2: Ball
1-2: Foul Ball, location: 2F
1-2: Strikes out swinging
Batting: RHB Tim Nelson 0-0: Ball
1-0: Ball
2-0: Called Strike
2-1: Ball
3-1: Foul Ball, location: 25F
3-2: Base on Balls
Jerry Castillio to second
Batting: RHB Jake Rehkopf 0-0: Called Strike
0-1: SINGLE (Groundball, P, EV 80.6 MPH) (infield hit)
Jerry Castillio to third
Tim Nelson to second
Batting: RHB Jonathan Rodriguez 0-0: SINGLE (Line Drive, 9S, EV 109.4 MPH)
Jerry Castillio scores
Tim Nelson to third
Jake Rehkopf to second
Batting: RHB Matt Cox 0-0: SINGLE (Flyball, 8RS, EV 91.3 MPH)
Tim Nelson scores
Jake Rehkopf to third
Jonathan Rodriguez to second
Batting: RHB Michael Arey 0-0: GRAND SLAM HOME RUN (Flyball, 89XD, EV 110.0 MPH), Distance : 412 ft
Batting: SHB Joe Baker 0-0: Foul Ball, location: 7LMFF
0-1: Ball
1-1: Ground out 6-3 (Groundball, 6, EV 99.4 MPH)
Batting: LHB Jose Claudio 0-0: Ball
1-0: Called Strike
1-1: Swinging Strike
1-2: Ball
2-2: Strikes out looking
Bottom of the 9th over - 6 runs, 4 hits, 0 errors, 0 left on base; South Division 9 - North Division 7
Sunday, May 12th , 2024 - OOTP Baseball 24.11 Build 85